AoeStats
← killinserotonin

Arabia

510247849Analyzed
3v3 RM · 2d ago on Sep 30, 2026· 45m 39s· 6 players
Game mode
Random Map
Map size
Normal (6 player)
Population
200
Speed
Normal
Resources
Standard
Victory
Conquest
Starting age
Dark Age
Ending age
Imperial Age
RankedLock teamsTeams togetherTeam positionsShared explorationLock speedFull tech treeHidden civsTurbo modeCheats
Victory
Defeat
🇺🇸 Celts · United States
1108
+13
🇺🇸 Magyars · United States
1083
+14
🇨🇭 Maya · Switzerland
1046
+15
🇲🇽 Aztecs · Mexico
1051
-15
🇲🇽 Teutons · Mexico
1040
-14
🇲🇽 Franks · Mexico
1006
-13
moreTuuunes
7:49 Loom
10:13 Feudal Age
11:07 Man-at-Arms
18:10 Castle Age
16:23 Double-Bit Axe
17:24 Horse Collar
23:23 Bow Saw
23:11 Pikeman
24:27 Forging
26:02 Iron Casting
26:12 Scale Mail Armor
26:49 Wheelbarrow
31:04 Hand Cart
36:07 Chain Mail Armor
35:39 Arson
42:26 Imperial Age
39:43 Town Watch
40:21 Ballistics
40:14 Fletching
42:49 Stone Mining
42:51 Gold Mining
43:23 Onager
44:38 Heavy Scorpion
46:26 Chemistry
datomasra
9:07 Loom
10:52 Feudal Age
16:03 Castle Age
14:03 Horse Collar
18:28 Double-Bit Axe
19:12 Squires
20:46 Crossbowman
25:55 Gold Mining
27:39 Bow Saw
30:45 Fletching
30:56 Padded Archer Armor
32:48 Ballistics
34:06 Wheelbarrow
34:18 Bodkin Arrow
34:40 Leather Archer Armor
46:59 Imperial Age
killinserotonin
5:06 Loom
10:41 Feudal Age
11:10 Double-Bit Axe
20:23 Castle Age
19:17 Scale Barding Armor
19:04 Gold Mining
19:56 Bloodlines
22:00 Bow Saw
23:27 Husbandry
25:12 Wheelbarrow
27:30 Town Watch
27:36 Horse Collar
30:16 Chain Barding Armor
35:07 Hand Cart
36:59 Fletching
39:44 Imperial Age
39:43 Cavalier
40:59 Plate Barding Armor
Ozelote
11:32 Feudal Age
9:48 Loom
17:28 Double-Bit Axe
19:53 Castle Age
18:35 Fletching
19:47 Forging
20:20 Arson
23:09 Wheelbarrow
22:17 Horse Collar
23:22 Gambesons
23:39 Squires
23:02 Eagle Warrior
27:03 Crossbowman
27:44 Pikeman
31:06 Stone Mining
31:06 Gold Mining
36:44 Bow Saw
44:09 Scale Mail Armor
CyberMendigo
7:05 Loom
10:06 Feudal Age
10:33 Double-Bit Axe
23:19 Castle Age
21:56 Wheelbarrow
21:05 Man-at-Arms
22:52 Forging
22:48 Scale Barding Armor
23:12 Scale Barding Armor
24:43 Iron Casting
25:35 Chain Barding Armor
29:17 Husbandry
30:35 Gold Mining
31:40 Hand Cart
37:37 Gold Shaft Mining
43:59 Stone Mining
9miniUzzi
11:13 Feudal Age
16:26 Loom
16:36 Loom
20:04 Castle Age
17:51 Double-Bit Axe
19:11 Horse Collar
19:24 Gold Mining
21:36 Wheelbarrow
21:52 Scale Barding Armor
24:15 Chain Barding Armor
25:23 Forging
25:59 Bloodlines
29:09 Town Watch
31:08 Pikeman
31:53 Scale Mail Armor
33:48 Iron Casting
35:12 Chain Mail Armor
36:21 Hand Cart
42:58 Imperial Age
44:23 Plate Barding Armor
43:16 Halberdier
Connection lost

Rejoining the realm…

Still unreachable

The connection could not be restored.

Session expired

The server has moved on; the page needs a fresh start.